AoeStats
← Mycorrhizal

Arena

509955750Analyzed
3v3 RM · 3d ago on Sep 28, 2026· 60m 51s· 6 players
Game mode
Random Map
Map size
Normal (6 player)
Population
200
Speed
Normal
Resources
Standard
Victory
Conquest
Starting age
Dark Age
Ending age
Imperial Age
RankedLock teamsTeams togetherTeam positionsShared explorationLock speedFull tech treeHidden civsTurbo modeCheats
Victory
Defeat
🇹🇷 Burmese · Türkiye
1573
+11
🇹🇷 Japanese · Türkiye
1457
+16
🇹🇷 Malay · Türkiye
1332
+22
🇨🇦 Poles · Canada
1493
-18
🇨🇳 Italians · China
1448
-16
🇸🇪 Byzantines · Sweden
1424
-15
hchxie
10:42 Feudal Age
14:40 Castle Age
22:46 Double-Bit Axe
23:09 Fletching
23:40 Horse Collar
24:52 Bodkin Arrow
25:30 Padded Archer Armor
28:18 Wheelbarrow
31:00 Imperial Age
28:53 Gold Mining
28:56 Stone Mining
29:24 Bow Saw
29:16 Heavy Plow
29:51 Leather Archer Armor
30:07 Ballistics
31:43 Bracer
32:13 Ring Archer Armor
32:46 Chemistry
32:22 Loom
32:55 Hand Cart
33:36 Stone Shaft Mining
32:53 Elite Genoese Crossbowman
35:12 Two-Man Saw
34:40 Town Watch
35:57 Scale Mail Armor
36:07 Forging
36:46 Masonry
37:30 Conscription
38:13 Scale Barding Armor
41:44 Fortified Wall
42:04 Architecture
45:09 Chain Barding Armor
45:26 Iron Casting
47:33 Plate Barding Armor
46:21 Light Cavalry
47:13 Bloodlines
47:04 Husbandry
47:17 Capped Ram
47:56 Hussar
51:27 Blast Furnace
53:41 Hoardings
53:18 Pirotechnia
Mycorrhizal
10:32 Feudal Age
14:08 Castle Age
12:59 Double-Bit Axe
12:55 Horse Collar
15:06 Bow Saw
15:08 Stone Mining
17:03 Heavy Plow
19:09 Loom
20:58 Gold Mining
23:21 Wheelbarrow
28:38 Imperial Age
26:57 Scale Barding Armor
27:29 Forging
28:00 Szlachta Privileges
27:18 Pikeman
28:25 Chain Barding Armor
28:59 Hand Cart
28:37 Town Watch
29:06 Bloodlines
28:57 Husbandry
29:35 Iron Casting
28:42 Cavalier
29:44 Conscription
29:37 Fletching
33:36 Blast Furnace
33:55 Bodkin Arrow
50:08 Light Cavalry
Squirrel of DEATH
10:48 Feudal Age
14:21 Castle Age
15:07 Double-Bit Axe
15:04 Horse Collar
17:08 Bow Saw
22:53 Wheelbarrow
22:04 Loom
26:29 Imperial Age
24:15 Gold Mining
24:19 Stone Mining
26:20 Fletching
26:30 Padded Archer Armor
26:52 Ballistics
26:58 Bodkin Arrow
26:29 Elite Skirmisher
28:47 Chemistry
28:58 Bracer
29:13 Leather Archer Armor
31:40 Ring Archer Armor
31:32 Pikeman
32:12 Squires
32:20 Scale Mail Armor
32:31 Forging
32:52 Heavy Plow
34:49 Halberdier
37:24 Conscription
37:21 Crossbowman
38:08 Thumb Ring
38:23 Chain Mail Armor
40:38 Plate Mail Armor
40:07 Arbalester
47:19 Arson
48:13 Iron Casting
MEMATİ
11:32 Feudal Age
13:00 Double-Bit Axe
15:17 Castle Age
13:04 Horse Collar
16:20 Bow Saw
22:19 Loom
23:09 Wheelbarrow
23:13 Gold Mining
25:15 Hand Cart
24:45 Town Watch
29:23 Imperial Age
29:31 Imperial Age
27:03 Scale Mail Armor
27:13 Forging
27:54 Stone Mining
28:28 Squires
28:13 Arson
30:02 Chain Mail Armor
30:08 Elite Samurai
30:42 Capped Ram
32:47 Plate Mail Armor
33:29 Iron Casting
34:40 Conscription
36:19 Hoardings
37:54 Blast Furnace
37:02 Yasama
38:07 Fletching
39:38 Bodkin Arrow
39:44 Padded Archer Armor
42:33 Bracer
42:48 Leather Archer Armor
44:02 Chemistry
43:01 Guard Tower
44:24 Keep
44:56 Chemistry
44:29 Town Patrol
45:09 Ring Archer Armor
44:44 Scale Barding Armor
45:39 Gold Shaft Mining
46:03 Elite Skirmisher
46:50 Thumb Ring
50:27 Chain Barding Armor
54:45 Two-Man Saw
DarkPaladin
11:37 Feudal Age
11:51 Feudal Age
15:53 Castle Age
14:02 Horse Collar
17:12 Wheelbarrow
19:46 Double-Bit Axe
24:07 Gold Mining
24:37 Hand Cart
25:39 Gold Shaft Mining
29:04 Imperial Age
26:18 Crossbowman
27:40 Ballistics
27:36 Thumb Ring
27:52 Forging
27:35 Fletching
27:46 Padded Archer Armor
28:09 Arbalester
34:16 Chemistry
34:09 Husbandry
35:00 Elite Battle Elephant
36:22 Forging
36:18 Scale Barding Armor
44:14 Iron Casting
51:42 Blast Furnace
53:29 Loom
54:59 Elite Skirmisher
58:23 Bodkin Arrow
58:43 Leather Archer Armor
59:05 Bracer
BBlR| M.Efe
10:25 Feudal Age
11:36 Horse Collar
14:00 Castle Age
18:32 Heavy Plow
19:57 Stone Mining
20:43 Gold Mining
22:45 Town Watch
22:46 Loom
23:37 Wheelbarrow
27:18 Imperial Age
24:40 Fletching
25:43 Wheelbarrow
25:58 Bodkin Arrow
26:57 Padded Archer Armor
28:03 Bloodlines
27:53 Husbandry
28:23 Ballistics
28:48 Crop Rotation
30:13 Chemistry
29:15 Bracer
29:39 Conscription
30:19 Sanctity
30:16 Block Printing
30:34 Hand Cart
30:39 Elite Arambai
32:50 Parthian Tactics
35:30 Gold Shaft Mining
35:29 Coinage
35:33 Scale Barding Armor
35:39 Forging
34:50 Light Cavalry
37:34 Banking
37:42 Fervor
37:36 Hussar
38:30 Guilds
38:49 Chain Barding Armor
39:05 Iron Casting
39:26 Howdah
40:06 Plate Barding Armor
41:08 Siege Engineers
41:47 Theocracy
41:41 Illumination
42:38 Blast Furnace
43:09 Redemption
43:49 Onager
44:50 Masonry
46:21 Architecture
46:25 Manipur Cavalry
48:48 Fortified Wall
52:01 Treadmill Crane
52:16 Murder Holes
Connection lost

Rejoining the realm…

Still unreachable

The connection could not be restored.

Session expired

The server has moved on; the page needs a fresh start.